AoeStats
← |GaoeG| flamingo

Arena

509871601Analyzed
2v2 RM · 2d ago on Sep 28, 2026· 51m 22s· 4 players
Game mode
Random Map
Map size
Medium (4 player)
Population
200
Speed
Normal
Resources
Standard
Victory
Conquest
Starting age
Dark Age
Ending age
Imperial Age
RankedLock teamsTeams togetherTeam positionsShared explorationLock speedFull tech treeHidden civsTurbo modeCheats
Victory
Defeat
🇪🇸 Vietnamese · Spain
1418
+13
🇪🇸 Spanish · Spain
1278
+19
🇹🇷 Ethiopians · Türkiye
1378
-17
🇨🇴 Persians · Colombia
1313
-15
|GaoeG| flamingo
12:02 Feudal Age
13:09 Double-Bit Axe
13:06 Horse Collar
15:50 Castle Age
16:46 Bow Saw
16:45 Heavy Plow
27:30 Gold Mining
27:47 Loom
28:38 Wheelbarrow
30:54 Imperial Age
28:13 Town Watch
30:55 Ballistics
30:28 Fletching
30:39 Padded Archer Armor
31:39 Hand Cart
30:54 Elite Skirmisher
32:15 Bodkin Arrow
32:35 Leather Archer Armor
33:22 Chemistry
32:47 Conscription
33:02 Thumb Ring
32:18 Imperial Skirmisher
33:02 Bracer
34:41 Ring Archer Armor
35:48 Bloodlines
35:39 Husbandry
35:21 Cavalier
36:11 Scale Barding Armor
36:17 Forging
36:36 Paladin
37:43 Chain Barding Armor
38:54 Iron Casting
39:46 Plate Barding Armor
39:47 Iron Casting
42:14 Supremacy
45:07 Blast Furnace
46:00 Light Cavalry
49:30 Guilds
48:50 Hussar
JITANOmaleant7
10:59 Feudal Age
12:16 Loom
15:27 Castle Age
13:29 Double-Bit Axe
13:30 Horse Collar
13:59 Gold Mining
15:47 Wheelbarrow
16:26 Bow Saw
18:27 Forging
19:55 Squires
20:51 Scale Mail Armor
29:07 Imperial Age
29:43 Masonry
30:50 Chemistry
30:58 Iron Casting
32:14 Chain Mail Armor
34:35 Elite Fire Lancer
36:28 Plate Mail Armor
42:50 Fletching
43:01 Padded Archer Armor
44:12 Scale Barding Armor
44:21 Elite Skirmisher
45:05 Bodkin Arrow
46:02 Bracer
46:24 Ballistics
47:25 Leather Archer Armor
46:43 Imperial Skirmisher
48:52 Ring Archer Armor
49:13 Heavy Plow
50:03 Thumb Ring
50:39 Paper Money
ofespinelman
9:53 Feudal Age
11:22 Double-Bit Axe
14:44 Castle Age
13:41 Stone Mining
15:20 Bow Saw
19:11 Horse Collar
20:29 Loom
21:49 Heavy Plow
28:24 Wheelbarrow
31:42 Imperial Age
29:17 Gold Mining
30:16 Forging
30:42 Scale Barding Armor
30:53 Bloodlines
31:23 Cavalier
32:32 Crossbowman
33:18 Thumb Ring
33:57 Kamandaran
34:05 Fletching
34:16 Padded Archer Armor
34:57 Crop Rotation
36:19 Chemistry
36:02 Bodkin Arrow
37:49 Ballistics
Paladin7532
11:32 Feudal Age
12:24 Double-Bit Axe
12:31 Horse Collar
15:19 Castle Age
16:33 Bow Saw
15:49 Crossbowman
16:24 Fletching
22:06 Wheelbarrow
21:30 Gold Mining
22:10 Bodkin Arrow
23:41 Stone Mining
24:35 Padded Archer Armor
24:52 Town Watch
26:05 Loom
26:37 Leather Archer Armor
27:02 Ballistics
28:30 Heavy Plow
29:34 Gold Shaft Mining
30:02 Hand Cart
31:01 Hand Cart
33:46 Imperial Age
33:16 Scale Barding Armor
33:21 Forging
33:13 Scale Mail Armor
33:53 Thumb Ring
34:31 Bracer
35:33 Chemistry
34:03 Arbalester
35:47 Chain Mail Armor
36:23 Conscription
37:21 Plate Mail Armor
37:20 Elite Shotel Warrior
39:15 Iron Casting
39:56 Squires
41:48 Blast Furnace
42:13 Ring Archer Armor
42:10 Halberdier
44:23 Man-at-Arms
45:24 Royal Heirs
45:10 Long Swordsman
45:43 Two-Handed Swordsman
Connection lost

Rejoining the realm…

Still unreachable

The connection could not be restored.

Session expired

The server has moved on; the page needs a fresh start.